Unix NetHack Version 3.7.0-97 Work-in-progress - last build Feb 8 2024 15:05:57 (6d6cdf8371b60126770a3d7b88910941cb14a054,branch:master). Game began 2024-03-02 06:16:31, ended 2024-03-04 19:34:45. laycre, lawful male human Samurai #####^#^# ###%### #^#####^ # % # # # # # # ### ### ### ##### # # * # # : # # ### #>##### '@## # # # ### ### #*# ### # # # # # # # # ### ####### # % # # # # ## # ########### ##### # # # # # # # `## ######### # #%###%# ### # * # # # # # # # # # # # # # # # `## ###### `## # ### ### # # # # ### ####### # # # # # # # # # # # # # # ###### ###%## ##### ##### ##### ######` ##### Laycre the Ryoshu St:13 Dx:18 Co:17 In:6 Wi:11 Ch:7 Lawful Dlvl:26 $:1542 HP:0(123) Pw:61(61) AC:1 Xp:14/92599 T:31123 Weak Latest messages: You hit the vampire bat! The vampire bat misses! The vampire bat misses! You kill the vampire bat! The seemingly dead vampire bat suddenly transforms and rises as a vampire lady! You hit the vampire lady! The vampire lady hits! The vampire lady bites! You hit the vampire lady! The vampire lady hits! The vampire lady bites! You hit the vampire lady! You hit the vampire lady! The vampire lady turns to flee. You hit the vampire lady! You hit the vampire lady! You hit the vampire lady! You hit the vampire lady! You destroy the vampire lady! You see here a human corpse. A little dart shoots out at you! You are hit by a little dart. You are enveloped in a cloud of gas! It pretends to be friendly. It misses! You hit it. She seduces you and you start taking off your gloves. It misses! You can move again. It steals a +1 pair of yugake! You attack thin air. You hit the clay golem! You hit the clay golem! The clay golem hits! You hit the clay golem! You hit the clay golem! You hit the clay golem! You hit the clay golem! The clay golem hits! You hit the clay golem! You hit the clay golem! You are beginning to feel weak. You hit the clay golem! The clay golem hits! You die... Do you want your possessions identified? [ynq] (y) y Do you want to see your attributes? [ynq] (y) y Do you want an account of creatures vanquished? [ynaq] (y) y Do you want to see your conduct and achievements? [ynq] (y) y Do you want to see the dungeon overview? [ynq] (y) y Inventory: Coins ('$') $ - 1542 gold pieces Amulets ('"') r - an uncursed amulet of reflection (being worn) Weapons (')') d - 11 uncursed +3 elven arrows (in quiver) c - an uncursed +0 yumi (alternate weapon; not wielded) Armor ('[') v - an uncursed thoroughly rusty +1 orcish helm (being worn) L - an uncursed +0 pair of speed boots (being worn) p - an uncursed +0 pair of water walking boots n - an uncursed burnt rotted +0 elven shield (being worn) b - a blessed burnt +3 cloak of magic resistance (being worn) V - an uncursed +0 set of silver dragon scales (being worn) Comestibles ('%') P - 5 uncursed tripe rations Q - an uncursed lizard corpse U - 2 uncursed lizard corpses Scrolls ('?') Z - 2 uncursed scrolls of blank paper X - an uncursed scroll of punishment z - an uncursed scroll of teleportation Rings ('=') i - an uncursed ring of free action (on right hand) w - an uncursed ring of shock resistance (on left hand) Wands ('/') S - an uncursed wand of create monster (0:10) D - an uncursed wand of digging (0:0) J - an uncursed wand of fire (0:0) C - an uncursed wand of magic missile (0:6) m - an uncursed wand of magic missile (0:5) q - an uncursed wand of striking (0:3) j - an uncursed wand of teleportation (0:6) Tools ('(') x - an uncursed sack containing 19 items h - an uncursed tooled horn A - an uncursed expensive camera (0:56) l - an uncursed oil lamp k - an uncursed skeleton key t - an uncursed towel u - an uncursed +0 unicorn horn Contents of the sack: 3 uncursed gunyoki an uncursed pancake 2 uncursed sprigs of wolfsbane an uncursed egg an uncursed lizard corpse an uncursed scroll of confuse monster a blessed scroll of create monster an uncursed scroll of remove curse an uncursed scroll of scare monster an uncursed scroll of teleportation an uncursed potion of extra healing 3 potions of holy water 4 potions of unholy water an uncursed ring of levitation an uncursed ring of shock resistance an uncursed wand of create monster (0:13) an uncursed wand of death (0:5) 3 uncursed agate stones a blessed touchstone Laycre the Samurai's attributes: Background: You were a Ryoshu, a level 14 male human Samurai. You were lawful, on a mission for Amaterasu Omikami who was opposed by Raijin (neutral) and Susanowo (chaotic). You were right-handed. You were in the Dungeons of Doom, on level 26. You entered the dungeon 31123 turns ago. You had 92599 experience points, 67401 more were needed to attain level 15. Basics: You had 0 out of 123 hit points. You had all 61 energy points (spell power). Your armor class was 1. Your wallet contained 1542 zorkmids. Autopickup was on for '$=/!?"' plus thrown, with exceptions. Final Characteristics: Your strength was 13 (base:14, peak:17, limit:18/100). Your dexterity was 18 (limit:18). Your constitution was 17 (peak:18, limit:18). Your intelligence was 6 (peak:9, limit:18). Your wisdom was 11 (peak:12, limit:18). Your charisma was 7 (limit:18). Final Status: You were weak from severe hunger. You were unencumbered. You were bare handed. You had basic skill with martial arts. Final Attributes: You were piously aligned. You were magic-protected. You were fire resistant. You were cold resistant. You were sleep resistant. You were shock resistant. Your items were protected from electric shocks. You were poison resistant. You were telepathic. You were warded. You were very fast. You had reflection. You had free action. You are dead. Miscellaneous: You encountered 2 bones levels. Total elapsed playing time was 4 hours, 51 minutes and 8 seconds. Major events: Turn 1: laycre the lawful male human Samurai entered the dungeon 645: entered the Gnomish Mines 1214: attained the rank of Ronin (level 3) 1913: found Magicbane on the floor 1989: destroyed Ackbladder's ghost, the former Thaumaturge 2345: attained the rank of Ninja (level 6) 2952: had Excalibur thrown at them by some watery tart 4128: reached Mine Town 6203: entered Sokoban 7678: entered the Bigroom 9004: completed 1st Sokoban level 9549: completed 2nd Sokoban level 9970: completed 3rd Sokoban level 11166: completed 4th Sokoban level 12647: attained the rank of Joshu (level 10) 17715: was bestowed with Snickersnee by Amaterasu Omikami 19296: acquired the Sokoban amulet of reflection 27567: attained the rank of Ryoshu (level 14) 27685: destroyed WizzyTheWeird's ghost, the former Thaumaturge 28603: was bestowed with Trollsbane by Amaterasu Omikami 31123: killed by a clay golem Vanquished creatures: a silver dragon 2 baluchitheria a demilich a stone golem a trapper a genetic engineer a vampire leader a captain a lurker above a golden naga a lieutenant 3 ghosts a mind flayer 2 giant mimics a long worm a zruty 3 ogre tyrants an ice troll an umber hulk a flesh golem a doppelganger a wumpus 4 stalkers an air elemental 4 fire elementals 4 earth elementals a water elemental 4 hill giants 3 giant mummies 5 giant zombies an elf-noble a sergeant 11 wargs a winter wolf 7 small mimics 2 warhorses 6 xans an ettin mummy 6 quantum mechanics 8 trolls 2 gelatinous cubes 3 pyrolisks a large dog a freezing sphere 5 flaming spheres 2 shocking spheres 2 large cats 2 tigers 3 gargoyles 2 dwarf rulers 2 ochre jellies a leocrotta a mountain centaur a python 2 pit vipers 2 cobras 8 wraiths a carnivorous ape 6 ettin zombies 4 Grey-elves 2 amorous demons 4 chameleons a crocodile 3 giant beetles a quivering blob 9 cockatrices 4 wolves 4 winter wolf cubs 2 lynxes 2 panthers 4 gremlins a spotted jelly a leprechaun an orc-captain an iron piercer 2 mumakil 3 giant spiders 6 scorpions 8 horses 2 black lights 2 vampire bats 5 forest centaurs 5 gnome rulers 6 orc mummies 3 ogres 2 brown puddings 6 rust monsters 5 owlbears 5 yetis 2 gold golems 5 Green-elves 8 lizards a chickatrice 5 dingoes 3 dogs 4 housecats 3 jaguars 2 blue jellies a gray unicorn 4 black unicorns 5 dust vortices 4 ravens 7 plains centaurs a gnome mummy 4 snakes 2 water moccasins 9 apes 7 human zombies 2 rope golems 7 Woodland-elves 9 soldier ants 6 fire ants 18 bugbears an imp 3 quasits 2 wood nymphs a water nymph 4 mountain nymphs 4 Mordor orcs 13 Uruk-hai 3 orc shamans 5 rock piercers 7 rock moles 7 ponies 4 fog clouds 8 yellow lights a shrieker 3 violet fungi 16 gnome leaders 4 gnomish wizards 3 kobold mummies 5 gray oozes a barrow wight 3 ghouls 3 straw golems 4 paper golems 13 giant ants 4 little dogs 9 floating eyes 2 kittens 4 dwarves 5 homunculi 3 kobold leaders 4 kobold shamans 19 hill orcs 30 rothes 4 rabid rats 2 centipedes 5 giant bats 5 monkeys 11 orc zombies 7 dwarf zombies 6 wererats 2 werejackals 9 iguanas 8 killer bees 3 acid blobs 6 coyotes 4 hobbits 2 large kobolds 22 hobgoblins 4 giant rats 7 cave spiders a brown mold a green mold a red mold 52 gnomes 3 garter snakes 5 gnome zombies 9 geckos 12 jackals 3 foxes 3 kobolds 3 goblins 7 sewer rats 6 grid bugs 9 bats 11 lichens 3 kobold zombies 12 newts 814 creatures vanquished. No species were genocided or became extinct. Voluntary challenges: You read items or engraved 54 times. You never engraved Elbereth. You never genocided any monsters. You never changed form. You used no wishes. You did not violate any of the special Sokoban rules. Achievements: You entered a shop. You entered the Gnomish Mines. You attained the rank of Ronin. You attained the rank of Ninja. You entered Minetown. You entered a temple. You entered Sokoban. You entered the Big Room. You attained the rank of Joshu. You completed Sokoban. You attained the rank of Ryoshu. The Dungeons of Doom: levels 1 to 27 Level 1: "vault" Level 2: A general store, a fountain. Level 3: Stairs down to The Gnomish Mines. Level 4: Many fountains, a grave. Level 5: Level 6: "stash chest" Level 7: Many fountains, a grave. Oracle of Delphi. Final resting place for Ackbladder-Wiz-Gno-Fem-Neu, killed by a water moccasin, while fainted from lack of food. Level 8: Some fountains. Stairs up to Sokoban, level 7. Level 9: "vault" A fountain. Level 10: "vault" Many altars, some fountains, a grave. Level 11: A very big room. Level 12: "vault" A fountain. Level 13: A fountain. Summoned by Lord Sato. Portal to The Quest. Level 14: A temple and an altar, a fountain. Level 15: A primitive area. Level 16: A fountain, a grave. Level 17: "vault" A grave. Level 18: A fountain, some sinks. Level 19: A sink. Level 20: Level 21: Final resting place for WizzyTheWeird-Wiz-Hum-Mal-Neu, killed by a mountain centaur. Level 22: An altar to Amaterasu Omikami, a fountain, a grave. Level 23: A grave. Level 24: "big stash" A fountain, a grave. Level 25: "medusa" Level 26: <- You were here. Final resting place for you, killed by a clay golem. Level 27: The Gnomish Mines: levels 4 to 10 Level 4: Level 5: Level 6: Level 7: A temple and an altar, some fountains, a sink. Level 8: Level 9: Level 10: The Quest: Level 1: Home. Sokoban: levels 7 up to 4 Level 4: Solved. Level 5: Solved. Level 6: Solved. Level 7: Solved. Game over: ---------- / \ / REST \ / IN \ / PEACE \ / \ | laycre | | 1542 Au | | killed by a clay | | golem | | | | | | 2024 | *| * * * | * _________)/\\_//(\/(/\)/\//\/|_)_______ Sayonara laycre the Samurai... You died in The Dungeons of Doom on dungeon level 26 with 148368 points, and 1542 pieces of gold, after 31123 moves. You were level 14 with a maximum of 123 hit points when you died.